Map: Solaris LE

Players

ShoWTimE - Winner!

  • Race: Protoss Protoss
  • Spawn Location: 7:00

ONSYDERyung (Ryung)

  • Race: Terran Terran
  • Spawn Location: 1:00

VOD

Have the link to the VOD?

Description

Time

  • Played on: Dec. 20, 2023, 5:53 a.m.
  • Length: 16:41
Show
View Real Time Build Order
Export as new Build Order

ShoWTimE Protoss - Winner!

Build Orders: 1 Gate Expand, Phoenix Opening, Colossus Rush 

Get SALT Encoding   

  12  0:00  Probe  
  13  0:12  Probe  
  14  0:16  Pylon  
  14  0:24  Probe  
  15  0:35  Gateway  
  15  0:36  Probe (Chrono Boost)  
  16  0:45  Probe (Chrono Boost)  
  16  0:46  Assimilator  
  17  0:51  Probe (Chrono Boost)  
  18  1:03  Probe  
  19  1:15  Probe  
  20  1:22  Nexus  
  20  1:31  Cybernetics Core  
  20  1:34  Probe  
  20  1:39  Assimilator  
  21  1:46  Probe  
  22  1:49  Pylon  
  22  1:58  Probe  
  23  2:05  Adept (Chrono Boost)  
  25  2:11  Probe  
  26  2:16  Stargate  
  26  2:23  Probe  
  26  2:27  Adept (Chrono Boost)  
  29  2:30  Warp Gate  
  29  2:33  Probe  
  29  2:35  Probe  
  31  2:38  Shield Battery  
  31  2:46  Probe  
  31  2:48  Probe  
  33  2:53  Stalker (Chrono Boost)  
  33  2:58  Probe  
  36  3:00  Probe  
  36  3:03  Phoenix  
  39  3:10  Probe  
  40  3:13  Probe  
  40  3:16  Pylon  
  41  3:22  Probe  
  41  3:25  Probe  
  43  3:31  Gateway  
  43  3:34  Probe, Phoenix  
  45  3:37  Probe  
  47  3:42  Robotics Facility  
  47  3:46  Probe  
  48  3:48  Assimilator  
  48  3:49  Probe  
  48  3:52  Pylon  
  48  3:54  Assimilator  
  49  3:58  Probe  
  49  4:00  Phoenix  
  49  4:01  Probe  
  53  4:09  Shield Battery  
  53  4:10  Probe, Pylon  
  54  4:17  Probe  
  55  4:24  Probe  
  55  4:25  Stalker x2  
  55  4:28  Phoenix (Chrono Boost)  
  62  4:35  Immortal (Chrono Boost)  
  66  4:41  Pylon  
  66  4:50  Phoenix (Chrono Boost)  
  66  4:51  Stalker  
  70  4:57  Pylon  
  70  5:04  Stalker  
  70  5:10  Robotics Bay  
  70  5:20  Pylon  
  70  5:21  Observer, Probe  
  71  5:24  Nexus  
  72  5:30  Probe  
  72  5:32  Pylon  
  73  5:37  Stalker x2  
  73  5:40  Probe  
  73  5:42  Probe  
  77  5:52  Shield Battery, Probe  
  77  5:54  Probe, Colossus (Chrono Boost)  
  79  6:03  Extended Thermal Lance  
  85  6:04  Probe  
  85  6:05  Sentry  
  85  6:07  Probe  
  89  6:15  Pylon  
  89  6:16  Probe  
  90  6:19  Probe (Chrono Boost)  
  90  6:23  Forge  
  90  6:25  Twilight Council  
  91  6:29  Probe (Chrono Boost)  
  91  6:31  Probe (Chrono Boost)  
  93  6:34  Gateway  
  93  6:35  Gateway  
  93  6:39  Probe x2 (Chrono Boost)  
  96  6:40  Probe (Chrono Boost)  
  99  6:47  Probe x2 (Chrono Boost), Colossus (Chrono Boost)  
  99  6:48  Probe (Chrono Boost)  
  99  6:51  Charge  
  99  6:52  Probe (Chrono Boost)  
  106  6:55  Protoss Ground Weapons Level 1 (Chrono Boost), Probe  
  106  6:57  Probe  
  108  7:04  Probe  
  108  7:07  Probe  
  110  7:09  Probe  
  110  7:13  Gateway  
  110  7:14  Gateway  
  111  7:16  Probe  
  111  7:17  Assimilator  
  111  7:19  Probe  
  111  7:20  Assimilator  
  113  7:28  Colossus (Chrono Boost)  
  113  7:29  Zealot x2, Sentry  
  125  7:35  Gateway  
  125  7:36  Gateway  
  125  7:40  Pylon  
  123  7:52  Zealot  
  123  7:55  Pylon  
  123  7:56  Pylon  
  125  7:59  Templar Archives  
  125  8:02  Zealot x3, Pylon  
  131  8:11  Warp Prism (Chrono Boost), Nexus  
  133  8:14  Pylon  
  133  8:15  Zealot x2  
  137  8:22  Sentry  
  137  8:23  Zealot x3  
  144  8:27  Shield Battery  
  134  8:43  High Templar x6  
  134  8:47  Archon x2  
  134  8:48  Zealot, Archon  
  136  8:49  Zealot  
  136  8:51  Pylon  
  136  8:52  Immortal (Chrono Boost)  
  136  8:53  Pylon  
  144  8:56  Probe x2  
  144  8:57  Probe  
  147  9:05  Pylon  
  147  9:07  Pylon  
  147  9:08  Probe  
  147  9:09  Pylon, Protoss Ground Weapons Level 2 (Chrono Boost)  
  148  9:12  Zealot, High Templar  
  148  9:16  High Templar  
  154  9:17  Zealot x4  
  154  9:21  Zealot  
  154  9:22  Archon  
  164  9:27  Immortal  
  160  9:43  Zealot x2, High Templar x2  
  160  9:44  Zealot x2  
  172  9:47  Archon  
  172  9:50  Gateway  
  172  9:51  Gateway  
  172  9:57  Blink (Chrono Boost)  
  172  10:01  Forge  
  172  10:06  Disruptor (Chrono Boost)  
  176  10:09  Shield Battery  
  176  10:11  Photon Cannon  
  176  10:12  Shield Battery  
  176  10:13  Probe x3  
  176  10:14  Probe  
  180  10:28  Robotics Facility  
  180  10:33  Pylon  
  181  10:35  Probe x2  
  181  10:36  Probe  
  181  10:37  Disruptor (Chrono Boost)  
  181  10:38  Shield Battery, Photon Cannon  
  181  10:41  Photon Cannon  
  187  10:44  Pylon  
  187  10:51  Nexus  
  182  10:58  Stalker x4  
  182  10:59  Disruptor (Chrono Boost)  
  192  11:05  Zealot x3  
  192  11:06  Zealot  
  192  11:10  Protoss Ground Armor Level 1 (Chrono Boost)  
  180  11:23  Disruptor (Chrono Boost)  
  182  11:25  Disruptor (Chrono Boost)  
  182  11:26  Stalker x7  
  182  11:30  Pylon  
  200  11:32  Protoss Ground Weapons Level 3 (Chrono Boost), Photon Cannon  
  200  11:33  Pylon  
  200  11:37  Photon Cannon  
  200  11:40  Pylon  
  200  11:46  Zealot  
  200  11:50  Gateway  
  200  11:53  Gateway  
  200  11:55  Gateway  
  196  12:07  Disruptor (Chrono Boost)  
  158  12:20  Zealot x5, Disruptor (Chrono Boost)  
  156  12:25  Zealot x5  
  170  12:33  Robotics Facility  
  170  12:37  Disruptor (Chrono Boost)  
  174  12:47  Zealot x4  
  174  12:48  Zealot x6  
  192  12:52  Disruptor (Chrono Boost)  
  192  12:56  Zealot  
  192  12:57  Zealot x2  
  176  13:07  Disruptor (Chrono Boost)  
  176  13:12  Probe x2  
  182  13:14  Protoss Ground Armor Level 2 (Chrono Boost)  
  182  13:15  Photon Cannon  
  182  13:17  Photon Cannon  
  182  13:19  Photon Cannon  
  180  13:21  Shield Battery  
  180  13:22  Zealot x3  
  180  13:23  Zealot x7, Pylon  
  194  13:29  Disruptor (Chrono Boost)  
  180  13:45  Dark Shrine  
  180  13:46  Zealot x3  
  180  13:47  Zealot x7  
  180  13:48  Nexus  
  200  13:55  Pylon  
  198  14:05  Pylon  
  200  14:10  Observer  
  200  14:11  Observer  
  200  14:16  Unknown  
  194  14:28  Photon Cannon  
  194  14:30  Warp Prism (Chrono Boost), Photon Cannon  
  194  14:31  Photon Cannon  
  194  14:33  Photon Cannon  
  194  14:35  Shield Battery  
  196  14:41  Stargate  
  196  14:49  Zealot x2  
  196  14:51  Zealot x4  
  196  14:59  Zealot x2  
  200  15:23  Nexus  
  198  15:35  Nexus  
  198  15:37  Pylon  
  189  15:47  Stalker x5  
  193  15:54  Pylon  
  191  16:00  Dark Templar  
  191  16:02  Zealot x3  
  169  16:19  Stalker  
  169  16:20  Stalker x7  
  185  16:33  Stalker x4  
Show
View Real Time Build Order
Export as new Build Order

ONSYDERyung Terran 

Build Orders:  

Get SALT Encoding   

  12  0:00  SCV  
  13  0:12  SCV  
  14  0:17  Supply Depot  
  14  0:24  SCV  
  15  0:38  SCV  
  15  0:40  Barracks  
  16  0:43  Refinery  
  16  0:50  SCV  
  16  0:52  Refinery  
  17  1:02  SCV  
  18  1:13  Supply Depot  
  18  1:15  SCV  
  19  1:27  Orbital Command, Reaper  
  20  1:42  Factory  
  20  1:52  SCV  
  21  2:04  SCV  
  21  2:05  Barracks Reactor  
  22  2:16  SCV  
  22  2:21  Command Center  
  23  2:28  SCV  
  24  2:31  Starport  
  24  2:39  Supply Depot  
  24  2:41  SCV  
  24  2:43  Marine  
  26  2:45  Marine  
  26  2:48  Widow Mine  
  29  2:53  SCV  
  30  3:04  Marine x2  
  32  3:06  SCV  
  32  3:08  Medivac  
  32  3:10  Factory Tech Lab  
  35  3:21  SCV  
  35  3:22  Marine x2  
  37  3:30  Cyclone  
  39  3:34  SCV  
  39  3:38  Viking  
  42  3:42  Marine  
  42  3:43  Marine  
  42  3:47  SCV  
  45  3:49  Orbital Command  
  45  3:56  Supply Depot  
  45  3:59  SCV  
  45  4:02  Cyclone, Marine  
  48  4:05  Marine  
  50  4:16  SCV  
  53  4:17  Liberator  
  53  4:19  SCV  
  55  4:24  Marine  
  55  4:25  Marine  
  55  4:29  SCV  
  55  4:31  Supply Depot, SCV  
  59  4:40  Supply Depot  
  59  4:41  SCV  
  59  4:42  Marine x2  
  62  4:52  SCV  
  65  4:54  Supply Depot  
  65  5:05  Factory Tech Lab  
  65  5:06  SCV x2  
  63  5:07  Marine x2, Command Center  
  63  5:11  Raven  
  67  5:20  Supply Depot  
  67  5:21  Barracks  
  67  5:22  SCV x2  
  67  5:24  Siege Tank  
  72  5:31  Refinery  
  72  5:33  Barracks  
  72  5:37  SCV x2  
  72  5:39  Interference Matrix  
  74  5:45  Raven  
  74  5:48  Engineering Bay  
  74  5:49  SCV x2, Engineering Bay  
  75  5:55  Refinery  
  75  5:57  Siege Tank  
  75  6:01  SCV x2  
  80  6:12  Barracks Tech Lab  
  80  6:13  SCV x2  
  80  6:18  Missile Turret  
  82  6:20  Orbital Command  
  82  6:25  SCV x2  
  84  6:27  Missile Turret, Barracks  
  84  6:30  Barracks  
  84  6:31  Terran Infantry Weapons Level 1  
  84  6:33  Terran Infantry Armor Level 1, Stimpack  
  85  6:40  SCV x2  
  86  6:48  Combat Shield  
  86  6:49  Starport Reactor  
  86  6:50  Marine x2  
  86  6:52  Marauder x2  
  92  6:54  SCV x2  
  94  7:05  Siege Tank  
  94  7:07  Missile Turret  
  94  7:08  SCV x3  
  98  7:11  Marine x2  
  98  7:12  Supply Depot x2  
  98  7:13  Orbital Command  
  101  7:16  Supply Depot  
  101  7:18  Marauder  
  101  7:19  Marauder  
  105  7:26  Barracks Tech Lab, Barracks Reactor  
  105  7:28  Medivac  
  107  7:30  SCV  
  107  7:31  SCV  
  107  7:33  Medivac  
  107  7:34  Refinery  
  111  7:37  Supply Depot, Marine x2  
  111  7:38  SCV  
  111  7:39  Refinery  
  111  7:43  SCV x2  
  116  7:46  Missile Turret  
  116  7:50  Marauder x2  
  116  7:51  Marauder  
  120  7:53  SCV  
  120  7:55  SCV x2  
  120  7:57  Concussive Shells  
  123  8:04  Marine x4, Factory Reactor  
  127  8:07  Medivac x2  
  131  8:15  Marauder x2  
  131  8:16  Marauder  
  137  8:23  Supply Depot, SCV, Armory  
  137  8:24  SCV  
  129  8:43  SCV  
  129  8:44  SCV x2  
  129  8:45  Marine x4, Marauder x3  
  129  8:47  Viking x2  
  145  8:56  Widow Mine x2  
  145  9:02  Supply Depot  
  147  9:03  Supply Depot x2  
  147  9:06  Bunker  
  147  9:08  Command Center  
  149  9:10  Marauder  
  149  9:20  Terran Infantry Weapons Level 2  
  149  9:24  Marauder x2, Viking x2  
  153  9:25  Terran Infantry Armor Level 2  
  156  9:40  Ghost Academy, Command Center  
  156  9:45  Marine x4  
  164  9:53  Supply Depot  
  164  9:54  Supply Depot  
  164  10:02  Viking x2  
  164  10:06  Terran Ship Weapons Level 1  
  164  10:09  Ghost x3  
  164  10:12  Widow Mine  
  172  10:15  Missile Turret, Widow Mine  
  172  10:17  Supply Depot  
  172  10:20  Barracks  
  174  10:22  Barracks  
  174  10:23  Barracks  
  174  10:28  Missile Turret  
  175  10:36  Marine x4  
  175  10:40  Viking  
  175  10:42  Viking  
  181  10:43  Ghost x2  
  181  10:44  Ghost  
  181  10:46  Starport  
  187  11:03  Marine x4  
  185  11:14  Barracks Tech Lab  
  185  11:15  Barracks Reactor  
  183  11:24  Marine x4, Marauder x4  
  183  11:25  Viking x3  
  196  11:26  Factory Reactor  
  196  11:31  Sensor Tower  
  197  11:42  Terran Infantry Weapons Level 3  
  197  11:47  Planetary Fortress  
  197  11:49  Marauder  
  197  11:53  SCV, Command Center  
  188  12:05  Marine x2, Marauder x2  
  185  12:10  Marauder x2  
  185  12:11  Marauder  
  179  12:22  Fusion Core  
  177  12:23  SCV x2  
  177  12:24  SCV x2  
  177  12:26  Marauder  
  183  12:30  Terran Infantry Armor Level 3  
  183  12:35  SCV  
  183  12:36  Marauder x2  
  188  12:51  Marauder  
  181  13:02  Liberator x3  
  181  13:03  Liberator  
  181  13:04  Marine x2, Marauder  
  181  13:05  Marauder x2  
  192  13:11  Marine  
  192  13:12  Marine x2  
  190  13:27  SCV x4  
  189  13:45  Marine  
  197  14:01  Liberator  
  200  14:03  Liberator x3, Refinery x2  
  200  14:05  Sensor Tower  
  200  14:08  Terran Ship Weapons Level 2  
  198  14:10  Sensor Tower  
  196  14:19  Advanced Ballistics  
  190  14:24  Missile Turret  
  190  14:30  Planetary Fortress, Command Center  
  190  14:35  SCV x3  
  193  14:41  Command Center  
  193  14:51  Liberator x2  
  193  15:03  Liberator x2  
  191  15:10  Ghost x3  
  173  15:37  Command Center  
  162  15:54  Supply Depot  
  162  15:55  Supply Depot  
  162  15:56  Supply Depot x2  
  150  15:58  Supply Depot  
  120  16:18  Marine x2, Marauder  
  120  16:19  Marine x6, Marauder x2  
Tags
 
Add a new tag
Caveats
  • Supply blocks, unpowered buildings, or Contaminate may cause inaccurate times.
  • Supply counts are checked every 10 seconds.